 Dungeon Crawl Stone Soup version 0.13-a0-2995-g9a84c3d (webtiles) character file.

325 4tharraofdagon the Insei (level 5, -3/40 HPs)
             Began as a Demonspawn Monk on Sept 8, 2013.
             Slain by an ice beast (8 damage)
             ... on Level 5 of the Dungeon.
             The game lasted 00:05:30 (1324 turns).

4tharraofdagon the Insei (Demonspawn Monk)          Turns: 1324, Time: 00:05:30

HP  -3/40        AC  4     Str 12      XL: 5   Next: 61%
MP   4/4         EV 12     Int 12      God:
Gold 108         SH  0     Dex 15      Spells:  0 memorised,  4 levels left

Res.Fire  : . . .   See Invis. : .     - Unarmed
Res.Cold  : . . .   Warding    : .   h - +1 leather armour
Life Prot.: . . .   Conserve   : .   (no shield)
Res.Poison: .       Res.Corr.  : .   (no helmet)
Res.Elec. : .       Clarity    : .   (no cloak)
Sust.Abil.: . .     Spirit.Shd : .   (no gloves)
Res.Mut.  : .       Stasis     : .   (no boots)
Res.Rott. : .       Flight     : .   (no amulet)
Saprovore : . . .                    (no ring)
                                     g - ring of teleport control

@: slightly resistant to hostile enchantments, fairly stealthy
A: powered by death 2
a: Evoke Teleport Control


You were on level 5 of the Dungeon.
You were not hungry.

You visited 1 branch of the dungeon, and saw 6 of its levels.

You collected 108 gold pieces.

Inventory:

Armour
 a - a +0 robe
 h - a +1 leather armour (worn)
 k - a +0 elven ring mail
Magical devices
 l - a wand of random effects (0)
Comestibles
 b - 2 bread rations
 c - 3 meat rations
Scrolls
 d - 2 scrolls of curse armour {unknown}
 f - 2 scrolls of identify {unknown}
 p - 2 scrolls of fear {unknown}
 q - a scroll of fog {unknown}
 s - a scroll of curse jewellery {unknown}
 t - a scroll of recharging {unknown}
 u - a scroll of curse weapon {unknown}
Jewellery
 g - a ring of teleport control (left hand)
Potions
 e - a potion of magic {unknown}
 i - a potion of degeneration {unknown}
 j - a potion of poison {unknown}
 m - a potion of might {unknown}
 n - 3 potions of curing {unknown}
 o - 2 potions of blood {unknown}
 v - a potion of slowing {unknown}


   Skills:
 + Level 4.2 Fighting
 - Level 2.6 Dodging
 - Level 1.7 Stealth
 * Level 5.7 Unarmed Combat


You had 4 spell levels left.
You didn't know any spells.

Dungeon Overview and Level Annotations

Branches:
Dungeon (6/27)
 Temple: D:4-7          Orc: D:6-11

Altars:
Okawaru
Xom

Annotations:
D:4 Grinder


Innate Abilities, Weirdness & Mutations

You can steal the life force of defeated enemies.


Message History

The ice beast is severely wounded.
You closely miss the ice beast.
The ice beast is severely wounded.
The ice beast closely misses you.
You hit the ice beast.
The ice beast is almost dead.
The ice beast hits you but does no damage.
You barely miss the ice beast.
The ice beast is almost dead.
The ice beast hits you. The ice beast freezes you!
* * * LOW HITPOINT WARNING * * *
You are too injured to fight recklessly!
You are too injured to fight recklessly!
You are too injured to fight recklessly!
You barely miss the ice beast.
The ice beast is almost dead.
The ice beast hits you.
* * * LOW HITPOINT WARNING * * *
The ice beast freezes you!
You die...

........# #.. ........#
#.# ........# ...
........# #.# ........#
#.# ####'##.#.####.#
#.##.#......###########
####.##.#####............#
.........)..'...@........+
####.########....I.......#
#.. #............# ###
#............#
#............#
#............##+#+#..
#....................
#..................##
#..................#


You could see an ice beast.

Vanquished Creatures
  An ogre (D:5)
  A hippogriff skeleton (D:5)
  3 adders
  3 gnolls (D:2)
  A giant gecko (D:3)
  An ooze (D:3)
  An orc (D:6)
  2 bat zombies
  3 giant cockroaches (D:3)
  2 hobgoblins (D:3)
  A quokka (D:3)
  A ball python (D:3)
  6 bats
  2 giant newts (D:3)
  4 goblins
  5 kobolds
  2 rats
39 creatures vanquished.

Vanquished Creatures (others)
  An orc priest (D:4)
  A hobgoblin (D:4)
2 creatures vanquished.

Grand Total: 41 creatures vanquished

Notes
Turn   | Place    | Note
--------------------------------------------------------------
     0 | D:1      | 4tharraofdagon, the Demonspawn Monk, began the quest for the Orb.
     0 | D:1      | Reached XP level 1. HP: 16/16 MP: 0/0
   311 | D:4      | Found a shimmering altar of Xom.
   311 | D:4      | Noticed an iguana
   311 | D:4      | Noticed an orc priest
   311 | D:4      | Noticed an ogre
   311 | D:4      | Noticed an orc priest
   311 | D:4      | Noticed an orc wizard
   314 | D:4      | Killed an orc priest
   337 | D:3      | Reached skill level 4 in Unarmed Combat
   337 | D:3      | Gained mutation: You can steal the life force of nearby defeated enemies. [demonic ancestry]
   337 | D:3      | Reached XP level 2. HP: 13/22 MP: 1/1
   467 | D:2      | HP: 1/22 [adder (4)]
   550 | D:3      | Reached XP level 3. HP: 19/28 MP: 2/2
   816 | D:2      | Found an iron altar of Okawaru.
   857 | D:2      | Reached XP level 4. HP: 30/34 MP: 3/3
   971 | D:4      | Noticed Grinder
   978 | D:5      | Entered Level 5 of the Dungeon
  1030 | D:6      | Noticed a sky beast
  1130 | D:5      | Reached skill level 5 in Unarmed Combat
  1259 | D:5      | Noticed an ogre
  1271 | D:5      | Killed an ogre
  1271 | D:5      | Gained mutation: You can steal the life force of defeated enemies. [demonic ancestry]
  1271 | D:5      | Reached XP level 5. HP: 29/40 MP: 4/4
  1304 | D:5      | Noticed an ice beast
  1324 | D:5      | Slain by an ice beast

Action                   |  1- 3 |  4- 6 || total
-------------------------+-------+-------++-------
Melee: Unarmed           |   120 |    48 ||   168
Evoke: Wand              |       |     9 ||     9
  Use: Potion            |     1 |       ||     1
 Stab: Sleeping          |     1 |       ||     1
